 Dungeon Crawl Stone Soup version 0.31.0-12-g77e489cdc1 (webtiles) character file.

Game seed: 17779806719865203792

228 Gadfly the Trooper (level 6, -10/65 HPs)
             Began as an Oni Berserker on Feb 23, 2024.
             Was a Believer of Trog.
             Mangled by an ogre
             ... wielding a +0 giant club
              (17 damage)
             ... on level 4 of the Dungeon.
             The game lasted 00:02:33 (3325 turns).

Gadfly the Trooper (Oni Berserker)                  Turns: 3325, Time: 00:02:35

Health: -10/65     AC:  3    Str: 22    XL:     6   Next: 2%
Magic:  6/6        EV: 10    Int:  8    God:    Trog [**....]
Gold:   214        SH:  0    Dex: 10    Spells: 5/5 levels left

rFire   . . .        a - +1 mace (heavy)
rCold   + . .        (no shield)
rNeg    . . .        h - +0 animal skin
rPois   .            (helmet restricted)
rElec   .            (no cloak)
rCorr   .            (gloves unavailable)
SInv    .            (boots unavailable)
Will    .....        (no amulet)
Stlth   +            c - ring of flight
HPRegen 0.30/turn    i - ring of protection from cold
MPRegen 0.10/turn

%: no passive effects
@: weak-willed, flying
A: large, unfitting armour, horns 1, tough skin 1, double potion healing,
drunken brawling
a: Renounce Religion, Berserk, Trog's Hand


You were on level 4 of the Dungeon.
You worshipped Trog.
Trog was pleased with you.
You visited 1 branch of the dungeon, and saw 4 of its levels.

You collected 214 gold pieces.

Inventory:

Hand Weapons
 a - a +1 heavy mace (weapon)
 b - a +0 flail
Armour
 h - a +0 animal skin (worn)
Jewellery
 c - a ring of flight (left hand)
 i - a ring of protection from cold (right hand)
 k - a +6 ring of dexterity
Wands
 n - a wand of flame (10)
Scrolls
 f - a scroll of poison
 g - 3 scrolls of identify
 l - a scroll of teleportation {unknown}
Potions
 d - 2 potions of enlightenment
 e - a potion of attraction
 j - a potion of heal wounds


   Skills:
 + Level 4.9 Fighting
 * Level 4.2 Maces & Flails
 * Level 2.3 Armour
 - Level 2.6 Dodging
 * Level 2.3 Evocations


You had 5 spell levels left.
You didn't know any spells.
Your spell library was empty.

Dungeon Overview and Level Annotations

Branches:
Dungeon (4/15)
 Temple: D:4-7

Altars:


Innate Abilities, Weirdness & Mutations

You are too large for most types of armour.
You have a pair of small horns on your head.
You have tough skin. (AC +1)
You gain doubled healing and magic from potions.
Whenever you drink a healing potion, you attack all around you.


Message History

Okay, then.
As you read the scroll labelled UMIRIN SEUKAI, it crumbles to dust.
A wave of despondency washes over your surroundings.
It was a scroll of vulnerability.
There is an open door here.
You reach down and open the door.
An ogre comes into view. It is wielding a +0 giant club.
The ogre shouts!
You hear an angry hiss.
A ball python comes into view.
The ball python moves out of view.
Found a leather armour.
An ogre is nearby!
An ogre is nearby!
An ogre is nearby!
The ogre hits you with a +0 giant club!
There is an open door here.
You hit the ogre.
The ogre is lightly wounded.
The ogre hits you with a +0 giant club!
You bludgeon the ogre!!
The ogre is severely wounded.
The ogre hits you with a +0 giant club!
You are too injured to fight recklessly!
You are too injured to fight recklessly!
You are too injured to fight recklessly!
You are too injured to fight recklessly!
You are too injured to fight recklessly!
You are too injured to fight recklessly!
You are too injured to fight recklessly!
You are too injured to fight recklessly!
You are too injured to fight recklessly!
You are too injured to fight recklessly!
You are too injured to fight recklessly!
You closely miss the ogre.
You headbutt the ogre, but do no damage.
The ogre is severely wounded.
The ogre hits you with a +0 giant club!!
* * * LOW HITPOINT WARNING * * *
The ogre hits you with a +0 giant club!
You die...

...........##.##.#..........#....
............................#.##.
#.)######..##.#..#..###.#.#.#.###
#..# #........................
#.## ####..##.#.##..###.#.#.#.###
#.####..............###.........#
#.##..........................#.#
.......#.........................
..####.#...##..#@#..###.#.....#..
.......+...+..##O##.###.#.#.###..
######.#...# #.S.#..####.#.###..
#.#...# ######..###.#......
#.#.... #......#####..
####.+..... #............. #....#
..#########.#.########. #.##.#
#.#:......#.#.# #.
###.##.####.#.......'...# #.


You could see an ogre and a ball python.

Vanquished Creatures
  A scorpion (D:4)
  A jelly (D:4)
  4 gnolls (D:3)
  3 adders
  A white imp (D:4)
  2 ribbon worms
  3 orcs
  4 bats
  6 endoplasms
  6 giant cockroaches
  6 goblins
  4 hobgoblins
  A quokka (D:3)
  4 ball pythons
  3 frilled lizards
  9 kobolds
  2 rats
60 creatures vanquished.

Notes
Turn   | Place    | Note
-------+----------+-------------------------------------------
     0 | D:1      | Gadfly the Oni Berserker began the quest for the Orb.
     0 | D:1      | Reached XP level 1. HP: 24/24 MP: 1/1
   234 | D:1      | Reached XP level 2. HP: 32/32 MP: 2/2
   729 | D:2      | Reached skill level 1 in Armour
   751 | D:2      | Reached skill level 1 in Evocations
   845 | D:2      | Reached XP level 3. HP: 37/39 MP: 3/3
   862 | D:2      | Reached ** piety under Trog
  1420 | D:3      | Found a faded altar of an unknown god.
  1515 | D:3      | Reached XP level 4. HP: 47/49 MP: 4/4
  2765 | D:4      | Reached XP level 5. HP: 43/55 MP: 5/5
  3163 | D:4      | Reached XP level 6. HP: 27/65 MP: 6/6
  3325 | D:4      | Mangled by an ogre

Illustrated notes

Levels and vault maps discovered:
D:1:      dpeg_arrival_arbitrary_a, layout_basic, chequers_serial_rivers_micro_a
D:2:      layout_loops_ring
D:3:      layout_basic, ebering_ecumenical_altar_box
D:4:      layout_basic, minmay_divided_ellipse

Skill      XL: |  1  2  3  4  5 |
---------------+----------------+-----
Armour         | 1 2 |  2.3
Evocations     | 1 2 |  2.3
Maces & Flails | 4 |  4.2
Fighting       | |  4.9
Dodging        | |  2.6

Action                     |  1- 3 |  4- 6 || total
---------------------------+-------+-------++-------
  Melee: Mace              |    67 |    67 ||   134
         Headbutt          |     9 |     9 ||    18
         Punch             |     1 |       ||     1
    Use: Scroll            |     5 |     2 ||     7
 Armour: Animal skin       |    38 |    56 ||    94
  Dodge: Dodged            |    42 |    46 ||    88
